 Dungeon Crawl Stone Soup version 0.31-a0-846-gb3bcc0d938 (webtiles) character file.

Game seed: 12994874057767882212

270 croobank the Sneak (level 6, -1/43 HPs)
             Began as an Octopode Delver on Oct 3, 2023.
             Slain by a centaur zombie (2 damage)
             ... in an ossuary.
             The game lasted 00:03:28 (867 turns).

croobank the Sneak (Octopode Delver)                 Turns: 867, Time: 00:03:28

Health: -1/43      AC:  1    Str: 11    XL:     6   Next: 22%
Magic:  6/6        EV: 14    Int: 15    God:
Gold:   0          SH:  0    Dex: 13    Spells: 5/5 levels left

rFire   . . .        a - +0 short sword
rCold   . . .        (no shield)
rNeg    . . .        (helmet restricted)
rPois   .            (no amulet)
rElec   .            (no ring)
rCorr   .            (no ring)
SInv    .            (no ring)
Will    .....        (no ring)
Stlth   +++++        (no ring)
HPRegen 0.27/turn    (no ring)
MPRegen 0.10/turn    (no ring)
                     (no ring)

%: no passive effects
@: hasted, very quick
A: almost no armour, amphibious, 8 rings, camouflage 1, gelatinous body 1,
(nimble swimmer 1), tentacles
a: no special abilities


You were in an ossuary.
You visited 1 branch of the dungeon, and saw 2 of its levels.
You also visited: Ossuary.

Inventory:

Hand Weapons
 a - a +0 short sword (weapon)
Wands
 f - a wand of digging (3)
Scrolls
 b - a scroll of fog
 c - a scroll of revelation
 d - a scroll of fear
 e - a scroll of identify {unknown}
 g - 2 scrolls of teleportation {unknown}
Potions
 i - a potion of curing {unknown}
 j - a potion of degeneration {unknown}
 k - a potion of mutation {unknown}


   Skills:
 + Level 4.2 Fighting
 + Level 3.5 Short Blades
 + Level 3.5 Dodging
 + Level 7.9 Stealth


You had 5 spell levels left.
You didn't know any spells.
Your spell library was empty.

Dungeon Overview and Level Annotations

Branches:
Dungeon (6/15)            Ossuary (1/1)
 Temple: D:4-7

Altars:


Innate Abilities, Weirdness & Mutations

You cannot wear most types of armour.
You are amphibious.
You can wear up to eight rings at the same time.
Your skin changes colour to match your surroundings (Stealth+).
Your rubbery body absorbs attacks. (AC +1, EV +1)
((You are camouflaged when in or above water. (Stealth+)))
You have tentacles for arms and can constrict up to eight enemies at once.


Message History

You constrict the elf zombie. The elf zombie hits you.
The centaur zombie hits you. The centaur zombie misses you.
You hit the elf zombie.
The elf zombie is heavily damaged.
You constrict the elf zombie. The centaur zombie hits you.
The centaur zombie closely misses you. The elf zombie hits you!
You are too injured to fight recklessly!
You release your grip on the elf zombie.
The centaur zombie attacks as it pursues you!
The centaur zombie hits you. The centaur zombie misses you.
The centaur zombie completely misses you.
The centaur zombie kicks you.
There is an open door here.
You hit the centaur zombie. You squeeze the centaur zombie.
The centaur zombie is lightly damaged.
The centaur zombie hits you.
* * * LOW HITPOINT WARNING * * *
The centaur zombie barely misses you.
You hit the centaur zombie but do no damage.
You squeeze the centaur zombie, but do no damage.
The centaur zombie is lightly damaged.
The centaur zombie hits you.
* * * LOW HITPOINT WARNING * * *
The centaur zombie barely misses you.
You feel yourself speed up. The centaur zombie hits you.
* * * LOW HITPOINT WARNING * * *
The centaur zombie closely misses you.
You hit the centaur zombie but do no damage.
The centaur zombie is lightly damaged.
The centaur zombie closely misses you. The centaur zombie barely misses you.
You hit the centaur zombie.
The centaur zombie is moderately damaged.
You hit the centaur zombie.
The centaur zombie is moderately damaged.
The centaur zombie hits you.
* * * LOW HITPOINT WARNING * * *
The centaur zombie barely misses you.
The centaur zombie attacks as it pursues you!
The centaur zombie barely misses you. The centaur zombie kicks you.
You die...

#..#..####..# #.# #..#
#∩.#..#..#..#+#.#+#..#
#..#..#..#.. .....#..#
#..##.#.##..##...##..#
#...#.#'#....#...#...#
#...#...#....#ZZ.#...#
#...##∩##....##.##...#
#....###......#Z#....#
#.............@......#
#....................#
######################


You could see an elf zombie and a centaur zombie.

Vanquished Creatures
  2 elf zombies (Ossuary)
  2 human zombies (Ossuary)
  A hound zombie (Ossuary)
  2 mummies (Ossuary)
  5 adder zombies (Ossuary)
  2 gnoll zombies (Ossuary)
  4 goblin zombies (Ossuary)
  6 hobgoblin zombies (Ossuary)
  2 jackal zombies (Ossuary)
  A kobold zombie (Ossuary)
  3 quokka zombies (Ossuary)
  3 rat zombies (Ossuary)
33 creatures vanquished.

Notes
Turn   | Place    | Note
-------+----------+-------------------------------------------
     0 | D:5      | croobank the Octopode Delver began the quest for the Orb.
     0 | D:5      | Reached XP level 1. HP: 16/16 MP: 1/1
    13 | D:6      | Found a sand-covered staircase.
    18 | Ossuary  | Entered an ossuary
   195 | Ossuary  | Reached XP level 2. HP: 4/21 MP: 2/2
   195 | Ossuary  | Reached XP level 3. HP: 5/26 MP: 3/3
   308 | Ossuary  | Reached skill level 7 in Stealth
   363 | Ossuary  | Reached XP level 4. HP: 3/33 MP: 4/4
   503 | Ossuary  | Reached XP level 5. HP: 37/37 MP: 5/5
   707 | Ossuary  | Reached XP level 6. HP: 28/43 MP: 6/6
   866 | Ossuary  | HP: 1/43 [centaur zombie (5)]
   867 | Ossuary  | Slain by a centaur zombie

Illustrated notes

Levels and vault maps discovered:
D:5:      layout_loops_corners, minmay_temple_entry_trees, st_stairs_11,
          minmay_ruined_shrine, uniq_crazy_yiuf_cottage
D:6:      layout_basic, enter_ossuary_5
Ossuary:  minmay_ossuary_two_tombs

Skill      XL: |  1  2  3  4  5 |
---------------+----------------+-----
Stealth        | 7 |  7.9
Short Blades   | 3 |  3.5
Dodging        | 3 |  3.5
Fighting       | 4 |  4.2

Action                     |  1- 3 |  4- 6 || total
---------------------------+-------+-------++-------
  Melee: Short sword       |    51 |    77 ||   128
         Tentacles         |    18 |    31 ||    49
         Constrict         |    10 |    14 ||    24
         Punch             |       |     1 ||     1
    Use: Potion            |     1 |     1 ||     2
   Stab: Sleeping          |     3 |     5 ||     8
 Armour: Skin              |    19 |    40 ||    59
  Dodge: Dodged            |    23 |    53 ||    76

Table legend: (Time is in decaauts)
 A = Elapsed time spent in this place.
 B = Non-inter-level travel time spent in this place.
 C = Inter-level travel time spent in this place.
 D = Time resting spent in this place.
 E = Time spent auto-exploring this place.
 F = Levels seen in this place.
 G = Mean time per level.
                   A        B        C        D        E       F      G
               +--------+--------+--------+--------+--------+-----+--------+
         Total |    834 |    834 |      0 |    441 |     19 |   3 |  278.0 |
       Dungeon |     17 |     17 |      0 |      0 |      0 |   2 |    8.5 |
       Ossuary |    817 |    817 |      0 |    441 |     19 |   1 |  817.0 |
               +--------+--------+--------+--------+--------+-----+--------+

Top non-repeatable levels by time:
 Ossuary: 817 daAuts
     D:6: 15 daAuts
     D:5: 2 daAuts
